 Dungeon Crawl Stone Soup version 0.28-a0-595-g9f6c0e134a (webtiles) character file.

Game seed: 13806836568599734063

643 robertstho the Magician (level 7, -5/49 HPs)
             Began as a Djinni Fire Elementalist on Oct 4, 2021.
             Was an Initiate of Gozag.
             Collided with a metal wall (18 damage)
             ... caused by a wretched star
             ... on level 1 of the Abyss.
             The game lasted 00:11:33 (8854 turns).

robertstho the Magician (Djinni Fire Elementalist)  Turns: 8854, Time: 00:11:35

Health: -5/49      AC:  2    Str:  7    XL:     7   Next: 81%
Gold:   121        EV: 12    Int: 15    God:    Gozag SH:  0 Dex:  9

rFire   + + .      SeeInvis .   r - +0 hand axe (elec)
rCold   x . .      Faith    .   (no shield)
rNeg    . . .      Spirit   .   a - +0 robe
rPois   ∞          Reflect  .   (no helmet)
rElec   .          Harm     .   (no cloak)
rCorr   .          Rampage  .   (no gloves)
Will    .....      Rage     3%  (boots unavailable)
Stlth   ++........              (no amulet)
HPRegen 0.16/turn               (no ring)
MPRegen 0.00/turn               (no ring)

@: flying, unable to read
A: sickness immunity, fire resistance 2, cold vulnerability 1, float, innate
caster, hp casting, extra vitality 1, [berserk 2], [clumsy 2], [dopey 2],
[inability to read while threatened]
a: Renounce Religion, Potion Petition, Call Merchant, Bribe Branch


You were on level 1 of the Abyss.
You worshipped Gozag.
Gozag was aware of your devotion.
You visited 2 branches of the dungeon, and saw 6 of its levels.
You visited the Abyss 1 time.
You also visited: Sewer.

You collected 283 gold pieces.
You spent 85 gold pieces at shops.
You paid 77 gold pieces to Gozag.

Inventory:

Hand Weapons
 c - a +0 dagger
 f - a +1 dagger of venom
 r - a +0 hand axe of electrocution (weapon)
Armour
 a - a +0 robe (worn)
Jewellery
 v - a ring of fire
Wands
 l - a wand of digging (9)
 q - a wand of acid (2)
 w - a wand of iceblast (4)
Scrolls
 i - 2 scrolls of magic mapping
 j - a scroll of teleportation
 n - 2 scrolls of fog
 p - a scroll of fear
Potions
 b - 3 potions of curing
 d - 2 potions of invisibility {unknown}
 e - 3 potions of might {unknown}
 g - a potion of brilliance {unknown}
 h - a potion of attraction {unknown}
 m - a potion of flight {unknown}
 o - a potion of mutation {unknown}
 t - a potion of magic {unknown}
 u - a potion of lignification {unknown}


   Skills:
 * Level 2.0 Fighting
 + Level 0.1 Short Blades
 + Level 2.4 Dodging
 + Level 2.0 Stealth
 * Level 6.1 Spellcasting


You couldn't memorise any spells.
You knew the following spells:

 Your Spells              Type           Power      Damage    Failure   Level
a - Foxfire               Conj/Fire      88%        2x1d8     1%          1
b - Scorch                Fire           44%        2d7       1%          2
c - Conjure Flame         Conj/Fire      22%        6-21      3%          3
d - Inner Flame           Hex/Fire       22%        N/A       3%          3
e - Flame Wave            Conj/Fire      22%        3d6       12%         4
f - Sandblast             Erth           44%        2d11      1%          1
g - Corpse Rot            Necr/Air       N/A        N/A       1%          2
h - Summon Guardian Gole  Hex/Summ       22%        N/A       3%          3
Your spell library was empty.

Dungeon Overview and Level Annotations

Branches:
Dungeon (5/15)             Temple (1/1) D:5           Sewer (visited)

Altars:
Cheibriados
Elyvilon
Gozag
Hepliaklqana
Nemelex Xobeh
Okawaru
Qazlal
Ru
Trog
Wu Jian
Zin
The Shining One

Shops:
D:2 ([(?(   D:4 (

Annotations:
D:3 1 runed translucent door, Shard1697's ghost, amateur DjFE


Innate Abilities, Weirdness & Mutations

You are immune to sickness and miasma.
You are immune to poison.
Your flesh is very heat resistant. (rF++)
You are vulnerable to cold. (rC-)
You float through the air rather than walking.
You learn spells naturally, not from books.
Your magical power is your life essence.
You have superior vitality. (+4 HP)
[You often lose your temper in combat.]
[You are very clumsy. (Dex -4)]
[You are very dopey. (Int -4)]
[You sometimes lose the ability to read scrolls when taking damage.]


Message History

The deep elf zephyrmancer looks frightened! x2
The deep elf knight looks frightened!
The deep elf zephyrmancer disappears in a puff of smoke!
The deep elf knight disappears in a puff of smoke!
The worldbinder hits you but does no damage.
The worldbinder hits you.
The deep elf zephyrmancer gestures wildly while chanting.
The deep elf zephyrmancer blinks!
You are suddenly pulled into a different region of the Abyss!
You start resting.
An ice devil comes into view.
You start resting.
A tormentor comes into view.
A wretched star comes into view.
The wretched star pulses with an eldritch light!
You feel stupid. x2
Found 32 gold pieces.
You see here 32 gold pieces.
You now have 121 gold pieces (gained 32).
The wretched star glows turbulently.
The lance of force misses you.
You can't see any enemies this would affect, really read the scroll of fear? [Y]es or [N]o only, please.
You can't see any enemies this would affect, really read the scroll of fear?
Okay, then.
A quasit comes into view.
The quasit gives a chilling moan.
The wretched star pulses with an eldritch light!
You feel clumsy. x2
The wretched star pulses with an eldritch light!
You lose the ability to read scrolls when threatened.
You feel a little pissed off.
You feel angry.
The wretched star glows turbulently.
The lance of force hits you!!
You feel threatened and lose the ability to read scrolls!
* * * LOW HITPOINT WARNING * * *
You are knocked back by the lance of force.
You slam into the metal wall!
You die...
Your body crumbles into a pile of gold.

#*. # ..##. #. #
###.# #.#.# ...#
..#.# # .## #
...##.. ..#
###......# #.# ###
#..#....
..#######.#####....#
#..#.#.#.#5*....@# #
#...#..##.....#.#
#.#.#.##.#......#
..#.#.5##...#..###
##...#.#.##..#..#
..##...#..#..### #.#
..#..#### ... .
#..#. #.. #. ..


You could see a wretched star and a quasit.

Vanquished Creatures
  A kobold brigand (D:4)
  A bullfrog skeleton (D:5)
  A hound (D:5)
  An orc priest (D:4)
  A scorpion zombie (D:5)
  Ijyb (D:3)
  4 orc wizards (D:4)
  A hound skeleton (D:4)
  4 gnolls
  10 adders
  5 river rats (Sewer)
  A worm (D:3)
  A dart slug (D:3)
  13 orcs
  10 ball pythons
  5 endoplasms
  3 giant cockroaches
  17 goblins
  14 hobgoblins
  6 jackals
  6 quokkas
  8 bats
  9 frilled lizards
  5 kobolds
  15 rats
143 creatures vanquished.

Vanquished Creatures (others)
  207 foxfires
207 creatures vanquished.

Grand Total: 350 creatures vanquished

Notes
Turn   | Place    | Note
-------+----------+-------------------------------------------
     0 | D:1      | robertstho the Djinni Fire Elementalist began the quest for
                  | the Orb.
     0 | D:1      | Reached XP level 1. HP: 15/15 MP: 0/0
   399 | D:1      | Reached XP level 2. HP: 21/22 MP: 0/0
  1018 | D:1      | HP: 1/33 [rat (2)]
  1020 | D:1      | Reached XP level 3. HP: 1/26 MP: 0/0
  1020 | D:1      | Learned a level 1 spell: Sandblast
  1439 | D:1      | Reached skill level 3 in Spellcasting
  2319 | D:2      | Found Upny's Weapon Shoppe.
  2325 | D:2      | Found Hiuggig's Magic Scroll Shoppe.
  2333 | D:2      | Bought a scroll of identify for 20 gold pieces
  2352 | D:2      | Found Ehixuexy's Antique Weapon Shoppe.
  2674 | D:2      | Reached XP level 4. HP: 21/31 MP: 0/0
  2777 | D:2      | Found Beonlag's Antique Armour Emporium.
  2832 | D:2      | Found Naatebb's Antique Weapon Shop.
  2959 | D:2      | Found a faded altar of an unknown god.
  2980 | D:2      | Reached skill level 1 in Fighting
  4024 | D:2      | Reached XP level 5. HP: 35/37 MP: 0/0
  4024 | D:2      | Learned a level 2 spell: Corpse Rot
  4128 | D:2      | Bought a scroll of magic mapping for 35 gold pieces
  4128 | D:2      | Bought a scroll of teleportation for 30 gold pieces
  4346 | D:3      | Found a runed translucent door.
  4346 | D:3      | Noticed Shard1697's ghost (amateur DjFE)
  4601 | D:3      | Reached skill level 4 in Spellcasting
  5158 | D:3      | Noticed Ijyb
  5166 | D:3      | Killed Ijyb
  5715 | D:3      | Found a glowing golden altar of the Shining One.
  5949 | D:4      | Found Ymugiur's Antique Weapon Shop.
  5953 | D:4      | Found a glowing drain.
  5973 | Sewer    | Entered a sewer
  6028 | Sewer    | Reached XP level 6. HP: 38/42 MP: 0/0
  7008 | D:4      | Reached skill level 5 in Spellcasting
  7122 | D:4      | Reached XP level 7. HP: 17/47 MP: 0/0
  7122 | D:4      | Learned a level 3 spell: Summon Guardian Golem
  8096 | D:5      | Entered Level 5 of the Dungeon
  8104 | D:5      | Reached skill level 6 in Spellcasting
  8425 | D:5      | Found a bloodstained altar of Trog.
  8612 | D:5      | Found a staircase to the Ecumenical Temple.
  8623 | Temple   | Entered the Ecumenical Temple
  8658 | Temple   | Became a worshipper of Gozag Ym Sagoz the Greedy
  8669 | D:5      | Cast into level 1 of the Abyss (orc)
  8718 | Abyss:1  | Noticed a worldbinder
  8719 | Abyss:1  | Noticed a deep elf zephyrmancer
  8719 | Abyss:1  | Noticed a deep elf zephyrmancer
  8719 | Abyss:1  | Noticed a deep elf knight
  8727 | Abyss:1  | Noticed a deep elf zephyrmancer
  8728 | Abyss:1  | Noticed a deep elf pyromancer
  8728 | Abyss:1  | Noticed a deep elf zephyrmancer
  8732 | Abyss:1  | Noticed a vampire mage
  8733 | Abyss:1  | Noticed a deep elf pyromancer
  8733 | Abyss:1  | Noticed a deep elf knight
  8733 | Abyss:1  | Noticed a deep elf pyromancer
  8742 | Abyss:1  | Noticed a deep elf pyromancer
  8742 | Abyss:1  | Noticed a deep elf zephyrmancer
  8744 | Abyss:1  | Noticed a deep elf zephyrmancer
  8744 | Abyss:1  | Noticed a deep elf knight
  8750 | Abyss:1  | Noticed an ice devil
  8821 | Abyss:1  | Noticed a tormentor
  8823 | Abyss:1  | Noticed a wretched star
  8854 | Abyss:1  | Collided with a metal wall

Illustrated notes

Levels and vault maps discovered:
D:1:      wheals_arrival_linesprint, layout_basic, minmay_octomino_c4
D:2:      layout_basic, serial_shops, shop, shop, shop_fountains, shop, shop,
          shapermc_ecumenical_altar_venn, minmay_fractal_squares_gapless_5
D:3:      kennysheep_goblin_castle, layout_basic,
          mainiacjoe_overflow_six_doors_small, hellmonk_ghost_happy_afterlife,
          grunt_decor_mini_mirrors
D:4:      layout_loops_cross, cheibrodos_sewer_entry_drain, serial_shops, shop
D:5:      layout_loops_ring, mainiacjoe_overflow_alcove_2,
          minmay_temple_entry_statues_fountains, lightli_church_of_beogh
Temple:   eino_temple_rhombus
Abyss:1:  base:
Temple

Skill      XL: |  1  2  3  4  5  6  7 |
---------------+----------------------+-----
Spellcasting   | 3 4 5 6 |  6.1
Fighting       | 1 2 |  2.0
Stealth        | 2 |  2.0
Short Blades   | |  0.1
Dodging        | |  2.4

Action                   |  1- 3 |  4- 6 |  7- 9 || total
-------------------------+-------+-------+-------++-------
Melee: Dagger            |    19 |     5 |       ||    24
 Cast: Foxfire           |    52 |    52 |    30 ||   134
       Scorch            |    17 |   107 |    28 ||   152
       Flame Wave        |       |     1 |       ||     1
  Use: Potion            |     1 |     2 |     1 ||     4
       Scroll            |     2 |     2 |     4 ||     8
Armor: Robe              |     4 |     8 |     4 ||    16
Dodge: Dodged            |    24 |    40 |    11 ||    75

Table legend: (Time is in decaauts)
 A = Elapsed time spent in this place.
 B = Non-inter-level travel time spent in this place.
 C = Inter-level travel time spent in this place.
 D = Time resting spent in this place.
 E = Time spent auto-exploring this place.
 F = Levels seen in this place.
 G = Mean time per level.
                   A        B        C        D        E       F      G
               +--------+--------+--------+--------+--------+-----+--------+
         Total |   8861 |   8670 |    191 |   1235 |   6412 |   8 | 1107.6 |
       Dungeon |   7778 |   7597 |    181 |   1160 |   5644 |   5 | 1555.6 |
        Temple |     45 |     35 |     10 |      0 |     23 |   1 |   45.0 |
         Abyss |    185 |    185 |      0 |     75 |     10 |   1 |  185.0 |
         Sewer |    851 |    851 |      0 |      0 |    735 |   1 |  851.0 |
               +--------+--------+--------+--------+--------+-----+--------+

Top non-repeatable levels by time:
     D:1: 2563 daAuts
     D:3: 1797 daAuts
     D:2: 1588 daAuts
     D:4: 1301 daAuts
   Sewer: 851 daAuts
     D:5: 526 daAuts
 Abyss:1: 185 daAuts
  Temple: 45 daAuts
